 Dungeon Crawl Stone Soup version 0.23.2-33-g5129a83184 (webtiles) character file.

Game seed: 15408101162230491445

406 troglodite the Charmwright (level 6, 0/51 HPs)
             Began as a Gnoll Skald on July 16, 2019.
             Was an Initiate of Ashenzari.
             Slain by Natasha (4 damage)
             ... on level 4 of the Dungeon on July 17, 2019.
             The game lasted 00:14:28 (4447 turns).

troglodite the Charmwright (Gnoll Skald)            Turns: 4447, Time: 00:14:29

Health: 0/51       AC:  6    Str: 13    XL:     6   Next: 87%
Magic:  8/14       EV: 13    Int: 16    God:    Ashenzari [......]
Gold:   147        SH:  0    Dex: 16    Spells: 8/15 levels left

rFire    + . .     SeeInvis .   a - +0 spear
rCold    . . .     Gourm    .   (no shield)
rNeg     . . .     Faith    .   f - +1 ring mail {rF+}
rPois    .         Spirit   .   (no helmet)
rElec    .         Reflect  .   (no cloak)
rCorr    .         Harm     .   (no gloves)
MR       .....                  (no boots)
Stlth    +.........             (no amulet)
HPRegen  1.17/turn              (no ring)
MPRegen  0.14/turn              (no ring)

@: lethally poisoned (0 -> 0), very slightly contaminated, regenerating
(expiring), slowed, very slow
A: distributed training, fangs 1, strong nose
a: Curse Item, Renounce Religion


You were on level 4 of the Dungeon.
You worshipped Ashenzari.
Ashenzari was noncommittal.
You were near starving.

You visited 2 branches of the dungeon, and saw 5 of its levels.

You collected 147 gold pieces.

Inventory:

Hand Weapons
 a - a +0 spear (weapon)
Armour
 f - a +1 ring mail of fire resistance (worn)
Jewellery
 q - an uncursed ring of ice
 r - the amulet of the Four Winds {rN+ MR+++ Clar}
   (You found it on level 4 of the Dungeon)

   [amulet of nothing]

   It protects you from negative energy.
   It affects your resistance to hostile enchantments.
   It protects you against confusion.
Wands
 o - a wand of acid (20)
Scrolls
 h - 3 scrolls of remove curse
 j - 2 scrolls of amnesia {unknown}
 n - a scroll of identify {unknown}
 p - a scroll of teleportation {unknown}
Potions
 b - 2 potions of magic {unknown}
 c - 2 potions of lignification {unknown}
 e - a potion of flight {unknown}
 g - 2 potions of degeneration {unknown}
 i - 2 potions of curing {unknown}
 k - a potion of haste {unknown}
 l - a potion of invisibility {unknown}
 m - 2 potions of heal wounds
Comestibles
 d - 6 rations


   Skills:
 + Level 5.0 Fighting
 + Level 2.1 Short Blades
 + Level 2.1 Long Blades
 + Level 2.1 Axes
 + Level 2.1 Maces & Flails
 + Level 5.0 Polearms
 + Level 2.1 Staves
 + Level 2.1 Slings
 + Level 2.1 Bows
 + Level 2.1 Crossbows
 + Level 2.1 Throwing
 + Level 3.3 Armour
 + Level 5.0 Dodging
 + Level 2.1 Stealth
 + Level 2.1 Shields
 + Level 2.1 Unarmed Combat
 + Level 5.4 Spellcasting
 + Level 1.6 Conjurations
 + Level 1.6 Hexes
 + Level 5.7 Charms
 + Level 1.6 Summonings
 + Level 1.6 Necromancy
 + Level 1.6 Translocations
 + Level 1.6 Transmutations
 + Level 1.6 Fire Magic
 + Level 1.6 Ice Magic
 + Level 1.6 Air Magic
 + Level 1.6 Earth Magic
 + Level 1.6 Poison Magic
 + Level 2.3 Invocations
 + Level 2.1 Evocations


You had 8 spell levels left.
You knew the following spells:

 Your Spells              Type           Power        Failure   Level  Hunger
a - Infusion              Chrm           ###.         2%          1    None
b - Regeneration          Chrm/Necr      ###.......   21%         3    ###....
c - Spectral Weapon       Hex/Chrm       ###.....     21%         3    ###....

Your spell library contained the following spells:

 Spells                   Type           Power        Failure   Level  Hunger
 Song of Slaying          Chrm           ###.....     4%          2    #......
 Shroud of Golubria       Chrm/Tloc      ###.......   10%         2    #......


Dungeon Overview and Level Annotations

Branches:
Dungeon (4/15)             Temple (1/1) D:4

Altars:
Ashenzari
Dithmenos
Elyvilon
Fedhas
Gozag
Kikubaaqudgha
Nemelex Xobeh
Qazlal
Ru
Sif Muna
Trog
Uskayaw
Wu Jian
Xom
Yredelemnul
The Shining One
Jiyva

Shops:
D:4 =

Annotations:
D:4 Natasha


Innate Abilities, Weirdness & Mutations

Your experience applies equally to all skills.
You have very sharp teeth.
Your uncanny sense of smell can sniff out nearby items.


Message History

Confirm with . or Enter, or press ? or * to list all spells.
Your skin crawls.
You feel sick.
The white imp disappears in a puff of smoke!
The adder closely misses you. Natasha claws you but does no damage.
The shadow imp closely misses you. The crimson imp hits you.
* * * LOW HITPOINT WARNING * * *
The adder barely misses you. Natasha claws you!
* * * LOW HITPOINT WARNING * * *
The shadow imp closely misses you.
You feel sick.
Natasha mumbles some strange words.
The adder barely misses you.
The crimson imp hits you but does no damage.
Your skin is crawling a little less now.
You feel sick. The shadow imp closely misses you. The adder closely misses you.
The shadow imp disappears in a puff of smoke!
The crimson imp hits you.
* * * LOW HITPOINT WARNING * * *
Natasha claws you.
You die...

......∩...♣
#.....#♣#∩# #
#.##.####.## .###
#.##.###...## #...♣.
#.##.##8.#.8#
#.....♣.
#.##.###...##
##........ #....#
##_## ##..♣......
######
##########S[♣♣......
#####
#........@h.=.......
#.#.##
#.######..55....≈≈≈≈
.#.#.# #.#
##......≈≈## #.#.##
#.# #..)..?≈##
.#.#.# #.# #♣.....≈#
#.#.## #.# #.♣....≈#
.#.#.# #.# #♣.....≈#
#.#.## #.# ......≈≈#
.#.#.# #.#
.......≈≈≈


You could see Natasha, a crimson imp, an adder and a white imp.

Vanquished Creatures
  Sigmund (D:2)
  A centaur skeleton (D:4)
  Terence (D:1)
  A worker ant (D:4)
  A worker ant zombie (D:4)
  4 adders
  An ooze (D:4)
  2 worms
  2 dart slugs
  2 leopard geckos (D:2)
  4 orcs
  4 giant cockroaches
  13 goblins
  11 hobgoblins
  7 jackals
  A quokka (D:3)
  17 bats
  2 frilled lizards (D:2)
  9 kobolds
  7 rats
91 creatures vanquished.

Notes
Turn   | Place    | Note
-------+----------+-------------------------------------------
     0 | D:1      | troglodite the Gnoll Skald began the quest for the Orb.
     0 | D:1      | Reached XP level 1. HP: 20/20 MP: 6/6
   112 | D:1      | Reached XP level 2. HP: 26/26 MP: 7/7
   740 | D:1      | Reached XP level 3. HP: 22/31 MP: 9/9
   749 | D:1      | Learned a level 3 spell: Regeneration
   753 | D:1      | Learned a level 3 spell: Spectral Weapon
   983 | D:1      | Reached skill level 5 in Spellcasting
  1220 | D:2      | Noticed Sigmund
  1235 | D:2      | Noticed Terence
  1277 | D:2      | HP: 1/31 [something (8)]
  1344 | D:1      | Reached skill level 1 in Invocations
  1598 | D:1      | Reached skill level 1 in Short Blades
  1598 | D:1      | Reached skill level 1 in Long Blades
  1598 | D:1      | Reached skill level 1 in Axes
  1598 | D:1      | Reached skill level 1 in Maces & Flails
  1598 | D:1      | Reached skill level 1 in Staves
  1598 | D:1      | Reached skill level 1 in Slings
  1598 | D:1      | Reached skill level 1 in Bows
  1598 | D:1      | Reached skill level 1 in Crossbows
  1598 | D:1      | Reached skill level 1 in Throwing
  1598 | D:1      | Reached skill level 1 in Stealth
  1598 | D:1      | Reached skill level 1 in Shields
  1598 | D:1      | Reached skill level 1 in Unarmed Combat
  1598 | D:1      | Reached skill level 1 in Evocations
  1869 | D:2      | Reached XP level 4. HP: 36/38 MP: 11/11
  1880 | D:1      | Killed Terence
  2045 | D:2      | Killed Sigmund
  2045 | D:2      | Reached skill level 1 in Conjurations
  2045 | D:2      | Reached skill level 1 in Hexes
  2045 | D:2      | Reached skill level 1 in Summonings
  2045 | D:2      | Reached skill level 1 in Necromancy
  2045 | D:2      | Reached skill level 1 in Translocations
  2045 | D:2      | Reached skill level 1 in Transmutations
  2045 | D:2      | Reached skill level 1 in Fire Magic
  2045 | D:2      | Reached skill level 1 in Ice Magic
  2045 | D:2      | Reached skill level 1 in Air Magic
  2045 | D:2      | Reached skill level 1 in Earth Magic
  2045 | D:2      | Reached skill level 1 in Poison Magic
  2045 | D:2      | Reached XP level 5. HP: 7/43 MP: 9/12
  2045 | D:2      | Reached XP level 6. HP: 8/50 MP: 9/13
  2564 | D:2      | Found an opulent altar of Gozag.
  2884 | D:3      | Found a shadowy altar of Dithmenos.
  2944 | D:3      | Found a shattered altar of Ashenzari.
  2954 | D:3      | Became a worshipper of Ashenzari the Shackled
  3123 | D:3      | Reached skill level 5 in Fighting
  3123 | D:3      | Reached skill level 5 in Polearms
  3123 | D:3      | Reached skill level 5 in Dodging
  3518 | D:4      | Found a staircase to the Ecumenical Temple.
  3537 | Temple   | Entered the Ecumenical Temple
  3652 | D:4      | Found Moyki's Jewellery Emporium.
  3658 | D:4      | Found the amulet of the Four Winds {rN+ MR+++ Clar}
  3822 | D:4      | Found a blossoming altar of Fedhas.
  3832 | D:4      | Found a bloodstained altar of Trog.
  4426 | D:4      | Noticed Natasha
  4447 | D:4      | Slain by Natasha

Skill      XL: |  1  2  3  4  5  6 |
---------------+-------------------+-----
Spellcasting   | 5 |  5.4
Invocations    | 1 2 |  2.3
Short Blades   | 1 2 |  2.1
Long Blades    | 1 2 |  2.1
Axes           | 1 2 |  2.1
Maces & Flails | 1 2 |  2.1
Staves         | 1 2 |  2.1
Slings         | 1 2 |  2.1
Bows           | 1 2 |  2.1
Crossbows      | 1 2 |  2.1
Throwing       | 1 2 |  2.1
Stealth        | 1 2 |  2.1
Shields        | 1 2 |  2.1
Unarmed Combat | 1 2 |  2.1
Evocations     | 1 2 |  2.1
Armour         | 3 |  3.3
Conjurations   | 1 |  1.6
Hexes          | 1 |  1.6
Summonings     | 1 |  1.6
Necromancy     | 1 |  1.6
Translocations | 1 |  1.6
Transmutations | 1 |  1.6
Fire Magic     | 1 |  1.6
Ice Magic      | 1 |  1.6
Air Magic      | 1 |  1.6
Earth Magic    | 1 |  1.6
Poison Magic   | 1 |  1.6
Fighting       | 5 |  5.0
Polearms       | 5 |  5.0
Dodging        | 5 |  5.0
Charms         | |  5.7

Action                   |  1- 3 |  4- 6 || total
-------------------------+-------+-------++-------
Melee: Spear             |   191 |   251 ||   442
       Bite              |    17 |    22 ||    39
       Punch             |     1 |     2 ||     3
 Cast: Regeneration      |     4 |     1 ||     5
       Spectral Weapon   |     1 |     5 ||     6
  Use: Potion            |     1 |       ||     1
 Stab: Sleeping          |     2 |     4 ||     6
       Distracted        |       |     1 ||     1
  Eat: Chunk             |     4 |     7 ||    11
Armor: Leather armour    |    16 |       ||    16
       Ring mail         |    46 |    72 ||   118
Dodge: Dodged            |   145 |   157 ||   302
